| TOP OF THE 1ST |
|
Reading Fightin Phils batting - Pitching for Jacksonville Suns : RHP J.P. Wilson
|
|
Pitching: RHP J.P. Wilson
|
|
|
Batting: RHB Alberto Ramirez
|
0-0: Ball 1-0: Ground out U3 (Groundball, 34, EV 75.6 MPH)
|
|
Batting: RHB Chris Myers
|
0-0: Ball 1-0: Ground out 6-3 (Groundball, 15, EV 94.4 MPH)
|
|
Batting: RHB Guan-pei Gao
|
0-0: Ball 1-0: Foul Ball, location: 2F 1-1: Swinging Strike 1-2: Ground out 5-3 (Groundball, 56S, EV 80.6 MPH)
|
| Top of the 1st over - 0 runs, 0 hits, 0 errors, 0 left on base; Reading 0 - Jacksonville 0 |
| BOTTOM OF THE 1ST |
|
Jacksonville Suns batting - Pitching for Reading Fightin Phils : RHP Josh Howell
|
|
Pitching: RHP Josh Howell
|
|
|
Batting: RHB Akira Suzuki
|
0-0: Ball 1-0: Foul Ball, location: 2F 1-1: Ball 2-1: Ball 3-1: Called Strike 3-2: Base on Balls
|
|
Batting: RHB Rafael Irizarry
|
0-0: Called Strike 0-1: Called Strike 0-2: Foul Ball, location: 2F 0-2: Fly out, F4 (Flyball, 34D, EV 84.4 MPH)
|
|
Batting: RHB Jack Power
|
0-0: Ball 1-0: Ball 2-0: Swinging Strike 2-1: Ball 3-1: Foul Ball, location: 2F 3-2: Strikes out swinging Akira Suzuki is caught stealing 2nd base 2-4 Batter strikes out.
|
| Bottom of the 1st over - 0 runs, 0 hits, 0 errors, 0 left on base; Reading 0 - Jacksonville 0 |
| TOP OF THE 2ND |
|
Reading Fightin Phils batting - Pitching for Jacksonville Suns : RHP J.P. Wilson
|
|
Batting: RHB Greg Herzig
|
0-0: Ball 1-0: Ball 2-0: Foul Ball, location: 2F 2-1: DOUBLE (Flyball, 78XD, EV 100.0 MPH)
|
|
Batting: RHB Victor Arroyo
|
0-0: Swinging Strike 0-1: Ball 1-1: Ball 2-1: Ball 3-1: Base on Balls
|
|
Batting: RHB David Clough
|
0-0: Called Strike 0-1: Foul Ball, location: 2F 0-2: Ball 1-2: Ball 2-2: Foul Ball, location: 2F 2-2: Ball 3-2: SINGLE (Groundball, 6MD, EV 98.1 MPH) Greg Herzig to third Victor Arroyo to second Runner from 3rd tries for Home, SAFE, throw by CF to home
|
|
Batting: RHB Mike Bell
|
0-0: Ball 1-0: Foul Ball, location: 2F 1-1: Ball 2-1: Ground out 5-3 (Groundball, 56S, EV 58.8 MPH) Victor Arroyo to third David Clough to second
|
|
Batting: RHB Mike Meeker
|
0-0: Ball 1-0: Called Strike 1-1: Foul Ball, location: 2F 1-2: Ball 2-2: Fly out, F9 (Flyball, 9LS, EV 85.0 MPH)
|
|
Batting: RHB Victor Arias
|
0-0: Ground out 4-3 (Groundball, 4M, EV 81.9 MPH)
|
| Top of the 2nd over - 1 run, 2 hits, 0 errors, 2 left on base; Reading 1 - Jacksonville 0 |
| BOTTOM OF THE 2ND |
|
Jacksonville Suns batting - Pitching for Reading Fightin Phils : RHP Josh Howell
|
|
Batting: RHB Reomel Somera
|
0-0: Called Strike 0-1: Ball 1-1: Ball 2-1: Ball 3-1: Fly out, F8 (Flyball, 8RD, EV 81.9 MPH)
|
|
Batting: RHB Torquato Obawole
|
0-0: Fly out, F7 (Flyball, 7LS, EV 80.6 MPH)
|
|
Batting: SHB Greg Rivera
|
0-0: Ball 1-0: Ball 2-0: Ball 3-0: Base on Balls
|
|
Batting: LHB Matt McKeon
|
0-0: Ball 1-0: SINGLE (Groundball, 4MS, EV 75.6 MPH) (infield hit) Greg Rivera to second
|
|
Batting: RHB Len Graham
|
0-0: Ball 1-0: Ball 2-0: Ball 3-0: Called Strike 3-1: Swinging Strike 3-2: DOUBLE (Line Drive, 3D, EV 96.2 MPH) Greg Rivera scores Matt McKeon to third Matt McKeon scores
|
|
Batting: LHB Orlando Rivera
|
0-0: Fly out, F9 (Flyball, 9, EV 88.1 MPH)
|
| Bottom of the 2nd over - 2 runs, 2 hits, 0 errors, 1 left on base; Reading 1 - Jacksonville 2 |
| TOP OF THE 3RD |
|
Reading Fightin Phils batting - Pitching for Jacksonville Suns : RHP J.P. Wilson
|
|
Batting: RHB Alberto Ramirez
|
0-0: Ball 1-0: Called Strike 1-1: Ball 2-1: Foul Ball, location: 2F 2-2: Fly out, F7 (Flyball, 78D, EV 81.9 MPH)
|
|
Batting: RHB Chris Myers
|
0-0: Fly out, F8 (Flyball, 8RXD, EV 96.2 MPH)
|
|
Batting: RHB Guan-pei Gao
|
0-0: Called Strike 0-1: Called Strike 0-2: Ball 1-2: Ball 2-2: Foul Ball, location: 2F 2-2: Foul Ball, location: 2F 2-2: Fly out, F9 (Flyball, 9, EV 93.1 MPH)
|
| Top of the 3rd over - 0 runs, 0 hits, 0 errors, 0 left on base; Reading 1 - Jacksonville 2 |
| BOTTOM OF THE 3RD |
|
Jacksonville Suns batting - Pitching for Reading Fightin Phils : RHP Josh Howell
|
|
Batting: RHB Akira Suzuki
|
0-0: Ball 1-0: Called Strike 1-1: Ball 2-1: Foul Ball, location: 2F 2-2: Ball 3-2: Strikes out swinging
|
|
Batting: RHB Rafael Irizarry
|
0-0: Ball 1-0: Ball 2-0: Ball 3-0: Base on Balls
|
|
Batting: RHB Jack Power
|
0-0: Called Strike Rafael Irizarry steals 2nd base 0-1: Ball 1-1: Ground out 5-3 (Groundball, 56, EV 86.9 MPH)
|
|
Batting: RHB Reomel Somera
|
0-0: Called Strike 0-1: Ball 1-1: Fly out, F2 (Popup, 23F, EV 85.6 MPH)
|
| Bottom of the 3rd over - 0 runs, 0 hits, 0 errors, 1 left on base; Reading 1 - Jacksonville 2 |
| TOP OF THE 4TH |
|
Reading Fightin Phils batting - Pitching for Jacksonville Suns : RHP J.P. Wilson
|
|
Batting: RHB Greg Herzig
|
0-0: Ground out 6-3 (Groundball, 56D, EV 108.8 MPH)
|
|
Batting: RHB Victor Arroyo
|
0-0: Ball 1-0: Ball 2-0: Called Strike 2-1: Called Strike 2-2: Foul Ball, location: 2F 2-2: Foul Ball, location: 2F 2-2: Ball 3-2: Strikes out swinging
|
|
Batting: RHB David Clough
|
0-0: Ball 1-0: Called Strike 1-1: Foul Ball, location: 2F 1-2: Ball 2-2: Foul Ball, location: 2F 2-2: Strikes out swinging
|
| Top of the 4th over - 0 runs, 0 hits, 0 errors, 0 left on base; Reading 1 - Jacksonville 2 |
| BOTTOM OF THE 4TH |
|
Jacksonville Suns batting - Pitching for Reading Fightin Phils : RHP Josh Howell
|
|
Batting: RHB Torquato Obawole
|
0-0: Called Strike 0-1: Called Strike 0-2: Ball 1-2: Foul Ball, location: 2F 1-2: TRIPLE (Flyball, 89XD, EV 100.6 MPH)
|
|
Batting: SHB Greg Rivera
|
0-0: Ball 1-0: Ball 2-0: Ball 3-0: Foul Ball, location: 2F 3-1: Called Strike 3-2: SINGLE (Line Drive, 8RS, EV 108.1 MPH) Torquato Obawole scores
|
|
Batting: LHB Matt McKeon
|
0-0: Ball 1-0: Foul Ball, location: 2F 1-1: Foul Ball, location: 2F 1-2: Grounds into double play, 4-6-3 (Groundball, 4S, EV 91.2 MPH)
|
|
Batting: RHB Len Graham
|
0-0: Ball 1-0: Ball 2-0: Ball 3-0: Base on Balls
|
|
Batting: LHB Orlando Rivera
|
0-0: SINGLE (Line Drive, 6M, EV 97.5 MPH) Len Graham to second Runner from 2nd tries for 3rd, SAFE, no throw by CF
|
|
Batting: RHB Akira Suzuki
|
0-0: Foul Ball, location: 2F 0-1: Foul Ball, location: 2F 0-2: Strikes out looking
|
| Bottom of the 4th over - 1 run, 3 hits, 0 errors, 2 left on base; Reading 1 - Jacksonville 3 |
| TOP OF THE 5TH |
|
Reading Fightin Phils batting - Pitching for Jacksonville Suns : RHP J.P. Wilson
|
|
Batting: RHB Mike Bell
|
0-0: Ball 1-0: Called Strike 1-1: Foul Ball, location: 2F 1-2: Foul Ball, location: 2F 1-2: Ground out 5-3 (Groundball, 5S, EV 85.0 MPH)
|
|
Batting: RHB Mike Meeker
|
0-0: Foul Ball, location: 2F 0-1: Foul Ball, location: 2F 0-2: Ball 1-2: Ball 2-2: Ball 3-2: Strikes out looking
|
|
Batting: RHB Victor Arias
|
0-0: Ball 1-0: Ground out U3 (Groundball, 34, EV 88.1 MPH)
|
| Top of the 5th over - 0 runs, 0 hits, 0 errors, 0 left on base; Reading 1 - Jacksonville 3 |
| BOTTOM OF THE 5TH |
|
Jacksonville Suns batting - Pitching for Reading Fightin Phils : RHP Josh Howell
|
|
Batting: RHB Rafael Irizarry
|
0-0: Fly out, F9 (Flyball, 9D, EV 103.8 MPH)
|
|
Batting: RHB Jack Power
|
0-0: Ball 1-0: SINGLE (Groundball, 6D, EV 103.8 MPH)
|
|
Batting: RHB Reomel Somera
|
0-0: Ball 1-0: Ball 2-0: Foul Ball, location: 2F 2-1: Grounds into double play, 6-4-3 (Groundball, 6, EV 102.5 MPH)
|
| Bottom of the 5th over - 0 runs, 1 hit, 0 errors, 0 left on base; Reading 1 - Jacksonville 3 |
| TOP OF THE 6TH |
|
Reading Fightin Phils batting - Pitching for Jacksonville Suns : RHP J.P. Wilson
|
|
Batting: RHB Alberto Ramirez
|
0-0: Ground out 6-3 (Groundball, 6, EV 88.1 MPH)
|
|
Batting: RHB Chris Myers
|
0-0: Called Strike 0-1: SINGLE (Line Drive, 34, EV 106.2 MPH)
|
|
Batting: RHB Guan-pei Gao
|
0-0: Swinging Strike 0-1: SINGLE (Groundball, 6MD, EV 95.0 MPH) Chris Myers to second Runner from 2nd tries for 3rd, SAFE, throw by CF made to third
|
|
Batting: RHB Greg Herzig
|
0-0: Ball 1-0: Called Strike 1-1: Swinging Strike 1-2: Strikes out swinging
|
|
Batting: RHB Victor Arroyo
|
0-0: Ball 1-0: Called Strike 1-1: Foul Ball, location: 2F 1-2: Ball 2-2: Ball 3-2: Ground out 4-3 (Groundball, 34S, EV 87.5 MPH)
|
| Top of the 6th over - 0 runs, 2 hits, 0 errors, 2 left on base; Reading 1 - Jacksonville 3 |
| BOTTOM OF THE 6TH |
|
Jacksonville Suns batting - Pitching for Reading Fightin Phils : RHP Josh Howell
|
|
Batting: RHB Torquato Obawole
|
0-0: Ground out 4-3 (Groundball, 4, EV 103.8 MPH)
|
|
Batting: SHB Greg Rivera
|
0-0: Ball 1-0: Ball 2-0: Called Strike 2-1: Foul Ball, location: 2F 2-2: Ball 3-2: Base on Balls
|
|
Batting: LHB Matt McKeon
|
0-0: Called Strike 0-1: Ball 1-1: Ball 2-1: Ball 3-1: Called Strike 3-2: Grounds into double play, 4-6-3 (Groundball, 4, EV 88.1 MPH)
|
| Bottom of the 6th over - 0 runs, 0 hits, 0 errors, 0 left on base; Reading 1 - Jacksonville 3 |
| TOP OF THE 7TH |
|
Reading Fightin Phils batting - Pitching for Jacksonville Suns : RHP J.P. Wilson
|
|
Pitching: RHP Alberto Negrete
|
|
|
Batting: RHB David Clough
|
0-0: Ball 1-0: Ball 2-0: Called Strike 2-1: Fly out, F7 (Flyball, 7D, EV 89.4 MPH)
|
|
Batting: RHB Mike Bell
|
0-0: Ball 1-0: SINGLE (Line Drive, 56D, EV 105.0 MPH)
|
|
Batting: RHB Mike Meeker
|
0-0: Called Strike Mike Bell steals 2nd base 0-1: Called Strike 0-2: Ball 1-2: Ball 2-2: 2-RUN HOME RUN (Flyball, 89XD, EV 115.6 MPH), Distance : 434 ft
|
|
Batting: RHB Victor Arias
|
0-0: Ball 1-0: Swinging Strike 1-1: Called Strike 1-2: Ball 2-2: Ground out 5-3 (Groundball, 56S, EV 62.5 MPH)
|
|
Batting: RHB Alberto Ramirez
|
0-0: Foul Ball, location: 2F 0-1: Foul Ball, location: 2F 0-2: Ball 1-2: Strikes out swinging
|
| Top of the 7th over - 2 runs, 2 hits, 0 errors, 0 left on base; Reading 3 - Jacksonville 3 |
| BOTTOM OF THE 7TH |
|
Jacksonville Suns batting - Pitching for Reading Fightin Phils : RHP Josh Howell
|
|
Batting: RHB Len Graham
|
0-0: Ball 1-0: Called Strike 1-1: Ground out 4-3 (Groundball, 4M, EV 80.0 MPH)
|
|
Pitching: RHP Andrew Giles
|
|
|
Batting: LHB Orlando Rivera
|
0-0: Ball 1-0: Ball 2-0: Foul Ball, location: 2F 2-1: Foul Ball, location: 2F 2-2: Foul Ball, location: 2F 2-2: Strikes out swinging
|
|
Batting: RHB Akira Suzuki
|
0-0: Swinging Strike 0-1: Foul Ball, location: 2F 0-2: Ball 1-2: Strikes out swinging
|
| Bottom of the 7th over - 0 runs, 0 hits, 0 errors, 0 left on base; Reading 3 - Jacksonville 3 |
| TOP OF THE 8TH |
|
Reading Fightin Phils batting - Pitching for Jacksonville Suns : RHP Alberto Negrete
|
|
Batting: RHB Chris Myers
|
0-0: Ball 1-0: SINGLE (Groundball, 6MD, EV 96.9 MPH)
|
|
Batting: RHB Guan-pei Gao
|
0-0: Called Strike Chris Myers steals 2nd base 0-1: Foul Ball, location: 2F 0-2: Strikes out looking
|
|
Batting: RHB Greg Herzig
|
0-0: Intentional Walk
|
|
Batting: RHB Victor Arroyo
|
0-0: Swinging Strike 0-1: 3-RUN HOME RUN (Flyball, 7D, EV 98.8 MPH), Distance : 379 ft
|
|
Pitching: LHP Will Sledge
|
|
|
Batting: RHB David Clough
|
0-0: Swinging Strike 0-1: Ball 1-1: Called Strike 1-2: Foul Ball, location: 2F 1-2: Foul Ball, location: 2F 1-2: Strikes out swinging
|
|
Batting: RHB Mike Bell
|
0-0: Foul Ball, location: 2F 0-1: Swinging Strike 0-2: Ball 1-2: Foul Ball, location: 2F 1-2: Strikes out looking
|
| Top of the 8th over - 3 runs, 2 hits, 0 errors, 0 left on base; Reading 6 - Jacksonville 3 |
| BOTTOM OF THE 8TH |
|
Jacksonville Suns batting - Pitching for Reading Fightin Phils : RHP Andrew Giles
|
|
Now at 2B: Jake Cox
|
|
|
Now at SS: Chris Myers
|
|
|
Batting: RHB Rafael Irizarry
|
0-0: Ball 1-0: Ball 2-0: Called Strike 2-1: Foul Ball, location: 2F 2-2: Strikes out swinging
|
|
Batting: RHB Jack Power
|
0-0: Fly out, F8 (Flyball, 8LXD, EV 106.9 MPH)
|
|
Batting: RHB Reomel Somera
|
0-0: Called Strike 0-1: SINGLE (Line Drive, 4D, EV 95.0 MPH)
|
|
Batting: RHB Torquato Obawole
|
0-0: Called Strike 0-1: Ball 1-1: Ball 2-1: Foul Ball, location: 2F 2-2: Ball 3-2: Foul Ball, location: 2F 3-2: Foul Ball, location: 2F 3-2: Base on Balls Reomel Somera to second
|
|
Batting: SHB Greg Rivera
|
0-0: Called Strike 0-1: Ball 1-1: Ball Wild Pitch! Reomel Somera to third Torquato Obawole to second 2-1: Ground out 6-3 (Groundball, 6MD, EV 88.8 MPH)
|
| Bottom of the 8th over - 0 runs, 1 hit, 0 errors, 2 left on base; Reading 6 - Jacksonville 3 |
| TOP OF THE 9TH |
|
Reading Fightin Phils batting - Pitching for Jacksonville Suns : LHP Will Sledge
|
|
Pitching: RHP Pat Proctor
|
|
|
Batting: RHB Mike Meeker
|
0-0: Foul Ball, location: 2F 0-1: Ball 1-1: Ground out 6-3 (Groundball, 6, EV 100.6 MPH)
|
|
Batting: RHB Victor Arias
|
0-0: Ball 1-0: Called Strike 1-1: Ball 2-1: Ball 3-1: Base on Balls
|
|
Batting: RHB Alberto Ramirez
|
0-0: Swinging Strike Victor Arias steals 2nd base 0-1: Ball 1-1: Intentional Walk
|
|
Batting: RHB Chris Myers
|
0-0: Called Strike 0-1: Foul Ball, location: 2F 0-2: Ball 1-2: Fly out, F9 (Line Drive, 89M, EV 108.8 MPH)
|
|
Batting: RHB Jake Cox
|
0-0: Foul Ball, location: 2F 0-1: Swinging Strike 0-2: Foul Ball, location: 2F 0-2: Ball 1-2: Strikes out swinging
|
| Top of the 9th over - 0 runs, 0 hits, 0 errors, 2 left on base; Reading 6 - Jacksonville 3 |
| BOTTOM OF THE 9TH |
|
Jacksonville Suns batting - Pitching for Reading Fightin Phils : RHP Andrew Giles
|
|
Pitching: RHP Jeremy Mitchem
|
|
|
Batting: LHB Matt McKeon
|
0-0: Foul Ball, location: 2F 0-1: Ball 1-1: Swinging Strike 1-2: Ball 2-2: Ball 3-2: Foul Ball, location: 2F 3-2: Base on Balls
|
|
Batting: RHB Len Graham
|
Pickoff Throw to First - Out! 1-3 0-0: Ball 1-0: Foul Ball, location: 2F 1-1: Fly out, F4 (Popup, 4M, EV 54.4 MPH)
|
|
Batting: LHB Orlando Rivera
|
0-0: Ball 1-0: Called Strike 1-1: SINGLE (Groundball, 25, EV 68.1 MPH) (infield hit)
|
|
Batting: RHB Akira Suzuki
|
0-0: Ball 1-0: Called Strike 1-1: Ball 2-1: Ball 3-1: Base on Balls Orlando Rivera to second
|
|
Batting: RHB Rafael Irizarry
|
0-0: Ball 1-0: Called Strike 1-1: Ball 2-1: Fielders Choice at 2nd, 6-4 (Groundball, 6, EV 78.1 MPH)
|
| Bottom of the 9th over - 0 runs, 1 hit, 0 errors, 2 left on base; Reading 6 - Jacksonville 3 |
|